 Dungeon Crawl Stone Soup version 0.17-a0-1069-g92ad481 (webtiles) character file.

2365 hornqvist the Chopper (level 9, 0/64 HPs)
             Began as a Formicid Fighter on May 17, 2015.
             Succumbed to a killer bee's poison
             ... on level 6 of the Dungeon.
             The game lasted 00:05:09 (4641 turns).

hornqvist the Chopper (Formicid Fighter)            Turns: 4641, Time: 00:05:10

Health: 0/64       AC: 15    Str: 24    XL:     9   Next: 72%
Magic:  4/17       EV:  6    Int:  8    God:
Gold:   245        SH: 11    Dex: 10    Spells: 1 memorised, 14 levels left

rFire  . . .     SeeInvis +     a - +0 war axe
rCold  . . .     Clarity  .     y - +0 plate armour
rNeg   . . .     SustAb   .     c - +0 shield
rPois  .         Gourm    .     (helmet unavailable)
rElec  .         Spirit   +     (no cloak)
rCorr  .         Warding  .     (no gloves)
rMut   .         Stasis   +     m - +1 pair of boots
MR     .....                    s - amulet of guardian spirit
Stlth  ..........               (no ring)
                                (no ring)

@: lethally poisoned (0 -> -3), not resistant to hostile enchantments, extremely
unstealthy
A: permanent stasis, dig shafts and tunnels, four strong arms, antennae 3
a: Dig, Shaft Self


You were on level 6 of the Dungeon.
You were very hungry.

You visited 2 branches of the dungeon, and saw 7 of its levels.

You collected 295 gold pieces.
You spent 50 gold pieces at shops.

Inventory:

Hand weapons
 a - a +0 war axe (weapon)
 r - a +2 whip of electrocution
Armour
 b - a +0 scale mail
 c - a +0 shield (worn)
 m - a +1 pair of boots (worn)
 y - a +0 plate armour (worn)
Jewellery
 s - an amulet of guardian spirit (around neck)
Scrolls
 f - a scroll of fog
 h - a scroll of remove curse
 k - a scroll of recharging
 p - 3 scrolls of fear {unknown}
 t - 2 scrolls of magic mapping
 u - 2 scrolls of identify {unknown}
 x - 4 scrolls of immolation {unknown}
 C - a scroll of amnesia
 D - 2 scrolls of enchant weapon {unknown}
 F - a scroll of teleportation {unknown}
Potions
 d - a potion of might
 i - a potion of magic {unknown}
 n - a potion of poison {unknown}
 w - a potion of haste {unknown}
 z - 3 potions of degeneration {unknown}
 A - a potion of mutation {unknown}
 E - a potion of brilliance {unknown}
Books
 g - a book of Dreams

   Spells                             Type                      Level
   a - Ensorcelled Hibernation        Hexes/Ice                    2
   b - Phase Shift                    Translocation                5
   c - Shadow Creatures               Summoning                    5
   d - Silence                        Hexes/Air                    5
   e - Mass Confusion                 Hexes                        6
   f - Darkness                       Hexes                        7
Comestibles
 e - 3 bread rations
 j - 4 fruits
 l - 2 royal jellies
 q - a meat ration
 B - a beef jerky


   Skills:
 - Level 3.2 Fighting
 * Level 7.9 Axes
 + Level 7.0 Armour
 + Level 7.3 Shields
 * Level 5.7 Spellcasting


You had 14 spell levels left.
You knew the following spells:

 Your Spells              Type           Power        Failure   Level  Hunger
a - Phase Shift           Tloc           #.........   100%        5    ######.


Dungeon Overview and Level Annotations

Branches:
Dungeon (6/15)             Temple (1/1) D:4

Altars:
Ashenzari
Cheibriados
Dithmenos
Elyvilon
Fedhas
Makhleb
Nemelex Xobeh
Qazlal
Ru
Sif Muna
Vehumet
Xom
Yredelemnul
Zin

Shops:
D:4 !


Innate Abilities, Weirdness & Mutations

You are under a permanent stasis effect.
You can dig through walls and to a lower floor.
Your four strong arms can wield two-handed weapons with a shield.
You have a pair of large antennae on your head (SInv).


Message History

The killer bee poisons you!
You take 3 damage, and have 3/64 hp.
You now have 3/17 mp.
You hit the killer bee.
* * * LOW HITPOINT WARNING * * *
You feel sick. You block the killer bee's attack.
The killer bee barely misses you. The killer bee closely misses you.
You take 1 damage, and have 2/64 hp.
You miss the killer bee.
* * * LOW HITPOINT WARNING * * *
You feel sick. You block the killer bee's attack.
The killer bee stings you but does no damage.
You take 1 damage, and have 1/64 hp.
You closely miss the killer bee.
* * * LOW HITPOINT WARNING * * *
You feel sick.
The killer bee stings you but does no damage. x2
You miss the killer bee. The killer bee barely misses you.
The killer bee barely misses you.
You miss the killer bee.
You die...

##..#...#####+#...#..###..#
#...'...'.....+...#...+..#.
#####.#...##+##'#...+...#..#.
#...#.#.............#+###+.#.
#...#.#.....................#
#...'.#......................
#...#.'......................
####...#.#...##'##+#####+###+#..
#...#+##.#...+.@y†....+ +..
#...'....#...#+###...## ##..
#...#.##.'...#..###'## #...
#...#.##.#...#.........yy..{#...
#...+.##.#...#.............{#...
#...#.##.#...'............. +...
#...#.##.+...#..##+#####+####...
#...#.##+#...#+##..........###..
#...+.##.#...)..+..........'.'..


You could see a killer bee.

Vanquished Creatures
  Pikel (D:5)
  Eustachio (D:4)
  2 sky beasts
  A phantom (D:4)
  3 slaves (D:5)
  2 ogres
  A centaur (D:5)
  A giant frog (D:6)
  2 scorpions
  A water moccasin skeleton (D:5)
  5 killer bees (D:6)
  6 crimson imps
  2 orc priests
  An orc wizard (D:6)
  2 iguanas
  A hound (D:2)
  5 worker ants
  A hound zombie (D:5)
  4 gnolls (D:5)
  11 adders
  2 river rats (D:4)
  A shadow imp (D:5)
  An ufetubus (D:4)
  3 oozes
  An adder skeleton (D:5)
  4 worms
  4 giant geckos
  10 orcs
  A ball python (D:2)
  14 bats
  A bat skeleton (D:4)
  4 giant cockroaches
  12 hobgoblins
  8 jackals
  16 kobolds
  4 quokkas
  A giant gecko zombie (D:5)
  7 giant newts
  10 goblins
  A quokka skeleton (D:6)
  9 rats
167 creatures vanquished.

Vanquished Creatures (others)
  A quokka (D:4)
1 creature vanquished.

Grand Total: 168 creatures vanquished

Notes
Turn   | Place    | Note
--------------------------------------------------------------
     0 | D:1      | hornqvist the Formicid Fighter began the quest for the Orb.
     0 | D:1      | Reached XP level 1. HP: 18/18 MP: 1/1
    68 | D:1      | Reached XP level 2. HP: 17/24 MP: 2/2
   163 | D:1      | Reached XP level 3. HP: 22/29 MP: 3/3
   428 | D:2      | Reached skill level 4 in Shields
   719 | D:2      | Reached XP level 4. HP: 35/35 MP: 4/4
  1080 | D:2      | Reached XP level 5. HP: 29/41 MP: 5/5
  1084 | D:2      | Found a burning altar of Makhleb.
  1476 | D:3      | Noticed a sky beast
  1491 | D:3      | Killed a sky beast
  1491 | D:3      | Reached skill level 5 in Armour
  1491 | D:3      | Reached skill level 5 in Shields
  1491 | D:3      | Reached XP level 6. HP: 25/47 MP: 2/6
  1643 | D:3      | Learned a level 5 spell: Phase Shift
  1896 | D:4      | Found Nuegra's Distillery.
  1908 | D:4      | Bought a potion of heal wounds for 50 gold pieces
  1946 | D:4      | Found a staircase to the Ecumenical Temple.
  1972 | Temple   | Entered the Ecumenical Temple
  2252 | D:4      | Reached skill level 1 in Spellcasting
  2252 | D:4      | Reached XP level 7. HP: 50/52 MP: 6/8
  2335 | D:4      | Noticed Eustachio
  2384 | D:4      | Killed Eustachio
  2407 | D:4      | Reached skill level 5 in Axes
  2921 | D:4      | Reached skill level 6 in Shields
  2921 | D:4      | Reached XP level 8. HP: 8/58 MP: 2/12
  3157 | D:4      | Found a white marble altar of Elyvilon.
  3359 | D:5      | Entered Level 5 of the Dungeon
  3662 | D:5      | Found a shadowy altar of Dithmenos.
  3746 | D:5      | Found a sacrificial altar of Ru.
  3762 | D:5      | Noticed Pikel
  3801 | D:5      | Killed Pikel
  3801 | D:5      | Reached skill level 7 in Axes
  3801 | D:5      | Reached XP level 9. HP: 39/64 MP: 6/16
  3874 | D:5      | Reached skill level 5 in Spellcasting
  3897 | D:5      | Found a deep blue altar of Sif Muna.
  4503 | D:6      | Found a blossoming altar of Fedhas.
  4636 | D:6      | HP: 3/64 [killer bee (3)]
  4638 | D:6      | HP: 1/64 [poisoned by a killer bee]
  4641 | D:6      | Succumbed to a killer bee's poison

Vault maps used:
D:1:      dpeg_arrival_lava_altar
D:2:      makhleb_heckhound_becter
D:3:      minmay_bad_closet
D:4:      elyvilon_altar_4, minmay_temple_entry_glassed_door, first_bread,
          serial_shops, shop, corexii_leaking_fountain, uniq_eustachio
D:5:      lemuel_crystal_altar, kennysheep_little_box, lemuel_doored_altar,
          small_statue_intersection, uniq_pikel
D:6:      lemuel_coloured_pillars_altar, tso_altar, kennysheep_mini,
          minivault_10, fountainhead, kennysheep_small_circle
Temple:   minmay_temple_bridge_a_8

Action                   |  1- 3 |  4- 6 |  7- 9 || total
-------------------------+-------+-------+-------++-------
Melee: War axe           |    94 |   150 |   409 ||   653
  Use: Scroll            |       |     7 |       ||     7
       Potion            |       |       |     5 ||     5
  Eat: Chunk             |       |     4 |     7 ||    11
       Beef jerky        |       |       |     1 ||     1
